 Dungeon Crawl Stone Soup version 0.17.0-7-gfadd4cc (console) character file.

29 gw the Poker (level 3, -5/28 HPs)
             Began as a Merfolk Gladiator on Nov 9, 2015.
             Slain by a sky beast (6 damage)
             ... on level 1 of the Dungeon.
             The game lasted 00:00:53 (1064 turns).

gw the Poker (Merfolk Gladiator)                    Turns: 1064, Time: 00:00:53

Health: -5/28      AC:  1    Str: 15    XL:     3   Next: 16%
Magic:  3/3        EV: 14    Int:  7    God:
Gold:   65         SH:  0    Dex: 15    Spells: 0 memorised, 2 levels left

rFire  . . .     SeeInvis .     a - +0 trident
rCold  . . .     Clarity  .     b - -2 robe (curse)
rNeg   . . .     SustAt   .     (no shield)
rPois  .         Gourm    .     c - +0 helmet
rElec  .         Spirit   .     (no cloak)
rCorr  .         Warding  .     (no gloves)
rMut   .         Stasis   .     (no boots)
MR     .....                    (no amulet)
Stlth  +.........               (no ring)
                                (no ring)

@: not resistant to hostile enchantments, very unstealthy
A: change form in water, swift swim
a: no special abilities


You were on level 1 of the Dungeon.
You were hungry.

You visited 1 branch of the dungeon, and saw 1 of its levels.

You collected 65 gold pieces.

Inventory:

Hand Weapons
 a - a +0 trident (weapon)
Missiles
 d - 3 throwing nets
 f - 44 stones (quivered)
Armour
 b - a cursed -2 robe (worn)
 c - a +0 helmet (worn)
 g - a +0 ring mail
Comestibles
 e - 2 bread rations


   Skills:
 + Level 2.7 Fighting
 * Level 5.0 Polearms
 + Level 2.4 Throwing
 + Level 4.2 Dodging


You had 2 spell levels left.
You didn't know any spells.

Dungeon Overview and Level Annotations

Branches:
Dungeon (1/15)

Altars:


Message History

You closely miss something. Something hits you. Something shocks you.
Unknown command.
Unknown command.
Unknown command.
Unknown command.
ATTACKING (-1,0)
You hit something but do no damage. Something hits you. Something shocks you.
Unknown command.
Unknown command.
Unknown command.
Unknown command.
ATTACKING (-1,0)
You miss something. Something hits you. Something shocks you.
Unknown command.
Unknown command.
Unknown command.
Unknown command.
ATTACKING (-1,0)
You hit something but do no damage. Something hits you. Something shocks you.
You die...

.......#................#
#
...>.....#.........##.#.#
.............(...#..#.#...
..###........(......#.#
### ..#
#...............#...
..###.................#
.....)................#
#####.........############
#......#....m.......?#
####.......#########.#
#.#...........###.#
#.#.##......#...#.#
#.#.###..##.###.#.#
#.#.............#.#
#.#####.#.#....##.#
¤¤~#¤~~#..........###.##.#
~¤~#~~~#.....#.#....#.##.#


There were no monsters in sight!

Table legend:
 A = Turns spent in this place as a percentage of turns spent in the entire game.
 B = Non-inter-level travel turns spent in this place as a percentage of non-inter-level travel turns spent in the entire game.
 C = Inter-level travel turns spent in this place as a percentage of turns spent in this place.
 D = Turns resting spent in this place as a percentage of non-inter-level travel turns spent in this place.
 E = Turns spent auto-exploring this place as a percentage of non-inter-level travel turns spent in this place.
 F = Non-inter-level travel turns spent in this place divided by the number of levels of this place that you've seen.
                   A       B       C       D       E      F
               +-------+-------+-------+-------+-------+----------------------
         Total | 100.0 | 100.0 |   0.0 |   0.7 |   2.5 | 1337.0
       Dungeon | 100.0 | 100.0 |   0.0 |   0.7 |   2.5 | 1337.0
               +-------+-------+-------+-------+-------+----------------------

Table legend:
 A = Kills in this place as a percentage of kills in entire the game.
 B = Kills by you in this place as a percentage of kills by you in the entire game.
 C = Kills by friends in this place as a percentage of kills by friends in the entire game.
 D = Other kills in this place as a percentage of other kills in the entire game.
 E = Experience gained in this place as a percentage of experience gained in the entire game.
 F = Experience gained in this place divided by the number of levels of this place that you have seen.
                   A       B       C       D       E      F
               +-------+-------+-------+-------+-------+----------------------
         Total | 100.0 | 100.0 |  -nan |  -nan | 100.0 |  42.0
       Dungeon | 100.0 | 100.0 |  -nan |  -nan | 100.0 |  42.0
               +-------+-------+-------+-------+-------+----------------------

Vanquished Creatures
  An adder (D:1)
  An ooze (D:1)
  A giant gecko (D:1)
  2 giant cockroaches (D:1)
  A hobgoblin (D:1)
  2 bats (D:1)
  A giant newt (D:1)
  5 goblins (D:1)
  2 kobolds (D:1)
16 creatures vanquished.

Notes
Turn   | Place    | Note
--------------------------------------------------------------
     0 | D:1      | gw the Merfolk Gladiator began the quest for the Orb.
     0 | D:1      | Reached XP level 1. HP: 16/16 MP: 1/1
   176 | D:1      | Reached XP level 2. HP: 18/23 MP: 2/2
  1027 | D:1      | Reached skill level 5 in Polearms
  1027 | D:1      | Reached XP level 3. HP: 28/28 MP: 3/3
  1054 | D:1      | Noticed a sky beast
  1064 | D:1      | HP: 1/28 [something (2)]
  1064 | D:1      | Slain by a sky beast

Action                   || total
-------------------------++-------
Melee: Trident           ||    54
Throw: Stone             ||    21
 Stab: Sleeping          ||     2

Vault maps used:
D:1:      dpeg_arrival_water_fire
